MLB
SAN FRANCISCO GIANTS @ COLORADO ROCKIES
04/03/2099
 
TOP OF THE 1ST
San Francisco Giants batting - Pitching for Colorado Rockies : LHP Matt Taylor
Pitching: LHP Matt Taylor
Batting: RHB Brendan Morris 0-0: Ball
1-0: Called Strike
1-1: Swinging Strike
1-2: Foul Ball, location: 23F
1-2: Foul Ball, location: 25FF
1-2: Foul Ball, location: 23F
1-2: Ball
2-2: Strikes out looking
Batting: RHB Dave Melton 0-0: Ball
1-0: Ball
2-0: Ball
3-0: Base on Balls
Batting: RHB Danny Bute 0-0: Ball
1-0: Called Strike
1-1: Swinging Strike
1-2: Ball
2-2: DOUBLE (Flyball, 89XD, EV 105.6 MPH)
Dave Melton to third
Runner from 3rd tries for Home, SAFE, throw by RF to home
Pitching: RHP Rob Dillon
Batting: RHB Chris Strong 0-0: Ball
1-0: 2-RUN HOME RUN (Flyball, 89XD, EV 101.9 MPH), Distance : 431 ft
Batting: LHB Daniel Cipolla 0-0: Ball
1-0: Called Strike
1-1: Ball
2-1: Called Strike
2-2: Strikes out swinging
Batting: RHB Greg Schaefer 0-0: Ball
1-0: Foul Ball, location: 3DF
1-1: DOUBLE (Flyball, 78XD, EV 97.5 MPH)
Batting: RHB Ben Presley 0-0: Ball
1-0: Ball
2-0: Fly out, F8 (Flyball, 8LS, EV 75.0 MPH)
Top of the 1st over - 3 runs, 3 hits, 0 errors, 1 left on base; San Francisco 3 - Colorado 0
BOTTOM OF THE 1ST
Colorado Rockies batting - Pitching for San Francisco Giants : LHP Jose Rodriguez
Pitching: LHP Jose Rodriguez
Batting: LHB Mike Keatts 0-0: Ball
1-0: Fly out, F9 (Line Drive, 89M, EV 105.6 MPH)
Batting: SHB Brian Hatcher 0-0: Foul Ball, location: 9LMF
0-1: Called Strike
0-2: Ball
1-2: Ground out 5-3 (Groundball, 56, EV 105.6 MPH)
Batting: LHB Jim Davis 0-0: Foul Ball, location: 5FF
0-1: Called Strike
0-2: Fly out, F9 (Flyball, 9, EV 92.5 MPH)
Bottom of the 1st over - 0 runs, 0 hits, 0 errors, 0 left on base; San Francisco 3 - Colorado 0
TOP OF THE 2ND
San Francisco Giants batting - Pitching for Colorado Rockies : RHP Rob Dillon
Batting: SHB Jody Tomko 0-0: Ball
1-0: Foul Ball, location: 9LDF
1-1: Ball
2-1: Fly out, F6 (Popup, 6M, EV 56.3 MPH)
Batting: RHB Josh Naguib 0-0: Ball
1-0: Ground out 5-3 (Groundball, 5, EV 103.8 MPH)
Batting: RHB Brendan Morris 0-0: Ball
1-0: Foul Ball, location: 5DF
1-1: Foul Ball, location: 9LDF
1-2: SINGLE (Line Drive, 89S, EV 87.5 MPH)
Batting: RHB Dave Melton 0-0: Ball
Brendan Morris steals 2nd base
1-0: Ball
2-0: Called Strike
2-1: Swinging Strike
2-2: Strikes out looking
Top of the 2nd over - 0 runs, 1 hit, 0 errors, 1 left on base; San Francisco 3 - Colorado 0
BOTTOM OF THE 2ND
Colorado Rockies batting - Pitching for San Francisco Giants : LHP Jose Rodriguez
Batting: LHB Jeremy Papish 0-0: Ball
1-0: Ball
2-0: SINGLE (Groundball, 6MD, EV 104.4 MPH)
Batting: RHB Hugo Sanchez 0-0: Ball
1-0: Called Strike
1-1: Called Strike
1-2: Foul Ball, location: 2F
1-2: Ball
2-2: Fly out, F9 (Flyball, 89S, EV 71.3 MPH)
Batting: RHB Orlando Serrano 0-0: Reached on error, E1 (Groundball, 15S, EV 71.3 MPH)
Jeremy Papish to second
Batting: RHB Ricky Aguilera 0-0: Ball
1-0: Ball
2-0: Ball
3-0: Called Strike
3-1: Foul Ball, location: 2F
3-2: Strikes out swinging
Batting: LHB Josh Bell 0-0: Called Strike
0-1: Foul Ball, location: 2F
0-2: Ball
1-2: Fly out, F7 (Flyball, 7LMF, EV 93.8 MPH)
Bottom of the 2nd over - 0 runs, 1 hit, 1 error, 2 left on base; San Francisco 3 - Colorado 0
TOP OF THE 3RD
San Francisco Giants batting - Pitching for Colorado Rockies : RHP Rob Dillon
Pitching: RHP Angel Cruz
Batting: RHB Danny Bute 0-0: Ball
1-0: Called Strike
1-1: Ball
2-1: Ball
3-1: Fly out, F9 (Flyball, 89S, EV 85.6 MPH)
Batting: RHB Chris Strong 0-0: Ball
1-0: Swinging Strike
1-1: Ball
2-1: Ball
3-1: Base on Balls
Batting: LHB Daniel Cipolla 0-0: SINGLE (Line Drive, 9S, EV 111.3 MPH)
Chris Strong to second
Batting: RHB Greg Schaefer 0-0: Called Strike
0-1: Foul Ball, location: 9LSF
0-2: Ball
1-2: Foul Ball, location: 2F
1-2: DOUBLE (Flyball, 89XD, EV 111.9 MPH)
Chris Strong scores
Daniel Cipolla to third
Runner from 3rd tries for Home, SAFE, no throw by RF
Batting: RHB Ben Presley 0-0: Foul Ball, location: 7LSF
0-1: Ball
1-1: Called Strike
1-2: Strikes out looking
Batting: SHB Jody Tomko 0-0: Called Strike
0-1: Fly out, F7 (Flyball, 78XD, EV 101.9 MPH)
Top of the 3rd over - 2 runs, 2 hits, 0 errors, 1 left on base; San Francisco 5 - Colorado 0
BOTTOM OF THE 3RD
Colorado Rockies batting - Pitching for San Francisco Giants : LHP Jose Rodriguez
Batting: LHB Jesus Pena 0-0: Ball
1-0: Called Strike
1-1: Ball
2-1: Foul Ball, location: 9LSF
2-2: Foul Ball, location: 2RF
2-2: Foul Ball, location: 7LDF
2-2: Strikes out looking
Batting: LHB Mike Keatts 0-0: Ball
1-0: SINGLE (Groundball, 6M, EV 106.3 MPH) (infield hit)
Batting: SHB Brian Hatcher 0-0: Called Strike
0-1: Swinging Strike
0-2: Ball
1-2: Foul Ball, location: 7LMF
1-2: Strikes out looking
Batting: LHB Jim Davis 0-0: Ball
1-0: Foul Ball, location: 3SF
1-1: SINGLE (Line Drive, 8RS, EV 93.8 MPH)
Mike Keatts to second
Runner from 2nd tries for 3rd, SAFE, throw by CF made to third
Batting: LHB Jeremy Papish 0-0: Ball
1-0: Foul Ball, location: 2F
1-1: Foul Ball, location: 2F
1-2: Ball
2-2: Foul Ball, location: 25F
2-2: Ball
3-2: Foul Ball, location: 25F
3-2: Foul Ball, location: 3F
3-2: Strikes out looking
Bottom of the 3rd over - 0 runs, 2 hits, 0 errors, 2 left on base; San Francisco 5 - Colorado 0
TOP OF THE 4TH
San Francisco Giants batting - Pitching for Colorado Rockies : RHP Angel Cruz
Pitching: RHP Gustavo Becerra
Batting: RHB Josh Naguib 0-0: Called Strike
0-1: Called Strike
0-2: Foul Ball, location: 2F
0-2: Foul Ball, location: 2F
0-2: Foul Ball, location: 2RF
0-2: Ball
1-2: Ball
2-2: Strikes out swinging
Pinch Hitting: LHB Ernesto Pelayo 0-0: Foul Ball, location: 7LSF
0-1: Fly out, F7 (Flyball, 7LS, EV 90.6 MPH)
Batting: RHB Dave Melton 0-0: Called Strike
0-1: Ball
1-1: Foul Ball, location: 3F
1-2: Ground out 4-3 (Groundball, 4, EV 97.5 MPH)
Top of the 4th over - 0 runs, 0 hits, 0 errors, 0 left on base; San Francisco 5 - Colorado 0
BOTTOM OF THE 4TH
Colorado Rockies batting - Pitching for San Francisco Giants : LHP Jose Rodriguez
Now in LF: Ernesto Pelayo
Batting: RHB Hugo Sanchez 0-0: Ball
1-0: Called Strike
1-1: Ground out 5-3 (Groundball, 56, EV 81.9 MPH)
Batting: RHB Orlando Serrano 0-0: Ball
1-0: Ball
2-0: SOLO HOME RUN (Flyball, 8LXD, EV 114.4 MPH), Distance : 454 ft
Batting: RHB Ricky Aguilera 0-0: Called Strike
0-1: Fly out, F7 (Line Drive, 7S, EV 88.8 MPH)
Batting: LHB Josh Bell 0-0: Swinging Strike
0-1: Ball
1-1: SINGLE (Line Drive, 34D, EV 101.3 MPH)
Batting: LHB Jesus Pena 0-0: Ball
1-0: Ball
2-0: Ground out 4-3 (Groundball, 4, EV 83.1 MPH)
Bottom of the 4th over - 1 run, 2 hits, 0 errors, 1 left on base; San Francisco 5 - Colorado 1
TOP OF THE 5TH
San Francisco Giants batting - Pitching for Colorado Rockies : RHP Gustavo Becerra
Pitching: RHP Danny Dudley
Now at C: Brenden Oxton
Now at 1B: Tony Breitling
Batting: LHB Eric Plaunt 0-0: Called Strike
0-1: Ball
1-1: Ground out U3 (Groundball, 3, EV 81.9 MPH)
Pinch Hitting: LHB Marcos Iniguez 0-0: Called Strike
0-1: Swinging Strike
0-2: Ball
1-2: Ball
2-2: Ball
3-2: Base on Balls
Batting: LHB Daniel Cipolla 0-0: Called Strike
0-1: Called Strike
0-2: Ball
1-2: Foul Ball, location: 7LDF
1-2: Strikes out swinging
Pinch Hitting: RHB Masataka Kato 0-0: Ball
1-0: Ball
2-0: Called Strike
2-1: Ball
3-1: Called Strike
3-2: Foul Ball, location: 2F
3-2: Foul Ball, location: 9LSF
3-2: Ground out U3 (Groundball, 3S, EV 68.1 MPH)
Top of the 5th over - 0 runs, 0 hits, 0 errors, 1 left on base; San Francisco 5 - Colorado 1
BOTTOM OF THE 5TH
Colorado Rockies batting - Pitching for San Francisco Giants : LHP Jose Rodriguez
Now at 1B: Masataka Kato
Now at 2B: Bryce Bissinger
Now at 3B: Erik Mulloy
Now at SS: Jody Tomko
Now in RF: Jonathan Rosario
Batting: LHB Mike Keatts 0-0: Ball
1-0: Ball
2-0: Ball
3-0: Base on Balls
Pitching: LHP Alexis Mendoza
Batting: SHB Brian Hatcher
Pinch Hitting: LHB Ken Calhoun 0-0: Ball
1-0: SINGLE (Groundball, 5D, EV 91.9 MPH) (infield hit)
Mike Keatts to second
Batting: RHB Bill Larimer 0-0: Ball
1-0: Ball
2-0: Ball
3-0: Called Strike
3-1: Foul Ball, location: 2F
3-2: Grounds into double play, 1-4-3 (Groundball, 15, EV 71.9 MPH)
Mike Keatts to third
Batting: LHB Jeremy Papish 0-0: Called Strike
0-1: Ball
1-1: Ground out U3 (Groundball, 3, EV 80.0 MPH)
Bottom of the 5th over - 0 runs, 1 hit, 0 errors, 1 left on base; San Francisco 5 - Colorado 1
TOP OF THE 6TH
San Francisco Giants batting - Pitching for Colorado Rockies : RHP Danny Dudley
Pitching: RHP Chris Colbert
Now in LF: Ken Calhoun
Batting: RHB Ben Presley 0-0: Ball
1-0: Fly out, F8 (Flyball, 8RS, EV 93.1 MPH)
Pinch Hitting: RHB Kevin Mosemann 0-0: Called Strike
0-1: Foul Ball, location: 9LDF
0-2: Ball
1-2: Strikes out swinging
Batting: RHB Erik Mulloy 0-0: Called Strike
0-1: Called Strike
0-2: Ball
1-2: Ball
2-2: Ball
3-2: Foul Ball, location: 2F
3-2: SINGLE (Line Drive, 78M, EV 105.0 MPH)
Batting: LHB Ernesto Pelayo 0-0: Ball
1-0: Fly out, F8 (Flyball, 8LXD, EV 109.4 MPH)
Top of the 6th over - 0 runs, 1 hit, 0 errors, 1 left on base; San Francisco 5 - Colorado 1
BOTTOM OF THE 6TH
Colorado Rockies batting - Pitching for San Francisco Giants : LHP Alexis Mendoza
Pitching: RHP Drew Goodwin
Now at SS: Kevin Mosemann
Now in CF: Dusty Sorenson
Pinch Hitting: RHB John Stevens 0-0: SINGLE (Groundball, 6MD, EV 101.9 MPH)
Batting: RHB Tony Breitling 0-0: Swinging Strike
0-1: Ball
1-1: Foul Ball, location: 2F
1-2: Strikes out swinging
Pinch Hitting: RHB Mike Woodard 0-0: Ball
1-0: Ball
2-0: Ball
3-0: Called Strike
3-1: Foul Ball, location: 2F
3-2: Fly out, F9 (Flyball, 9, EV 83.8 MPH)
Batting: RHB Brenden Oxton 0-0: Fly out, F2 (Popup, 5SF, EV 77.5 MPH)
Bottom of the 6th over - 0 runs, 1 hit, 0 errors, 1 left on base; San Francisco 5 - Colorado 1
TOP OF THE 7TH
San Francisco Giants batting - Pitching for Colorado Rockies : RHP Chris Colbert
Pitching: RHP Mike Wood
Now at 2B: John Stevens
Now at 3B: Mike Woodard
Batting: RHB Dusty Sorenson 0-0: Foul Ball, location: 9LMF
0-1: Ball
1-1: Ball
2-1: Ball
3-1: Foul Ball, location: 2F
3-2: SINGLE (Groundball, 15S, EV 68.8 MPH) (infield hit)
Batting: LHB Eric Plaunt 0-0: Ball
1-0: Ball
2-0: Called Strike
2-1: Foul Ball, location: 2F
2-2: Ball
3-2: Foul Ball, location: 7LSF
3-2: DOUBLE (Line Drive, 7LS, EV 100.0 MPH)
Dusty Sorenson to third
Dusty Sorenson scores
Batting: RHB Jonathan Rosario 0-0: Ball
1-0: Foul Ball, location: 2F
1-1: Foul Ball, location: 5SF
1-2: Ball
2-2: SINGLE (Groundball, 4MS, EV 70.6 MPH) (infield hit)
Eric Plaunt to third
Batting: LHB Bryce Bissinger 0-0: Ground out 4-3 (Groundball, 34, EV 107.5 MPH)
Eric Plaunt scores
Jonathan Rosario to second
Batting: RHB Masataka Kato 0-0: Swinging Strike
0-1: Fly out, F7 (Flyball, 78S, EV 91.3 MPH)
Batting: RHB Ben Presley 0-0: Swinging Strike
0-1: Ball
1-1: Fly out, F7 (Flyball, 78M, EV 92.5 MPH)
Top of the 7th over - 2 runs, 3 hits, 0 errors, 1 left on base; San Francisco 7 - Colorado 1
BOTTOM OF THE 7TH
Colorado Rockies batting - Pitching for San Francisco Giants : RHP Drew Goodwin
Pitching: RHP Franklin Diaz
Now at C: Elvin Reiss
Pinch Hitting: LHB Glenn Sewell 0-0: Foul Ball, location: 3SF
0-1: Ball
1-1: Swinging Strike
1-2: Ground out 1-3 (Groundball, 15S, EV 68.1 MPH)
Batting: LHB Mike Keatts 0-0: Called Strike
0-1: Ball
1-1: Called Strike
1-2: Ground out 4-3 (Groundball, 4, EV 85.6 MPH)
Batting: LHB Ken Calhoun 0-0: Called Strike
0-1: Ball
1-1: Ball
2-1: SINGLE (Line Drive, 6D, EV 100.6 MPH)
Batting: RHB Bill Larimer 0-0: Ball
1-0: SINGLE (Line Drive, 89S, EV 103.8 MPH)
Ken Calhoun to second
Batting: LHB Jeremy Papish 0-0: Ball
1-0: Called Strike
1-1: Foul Ball, location: 5F
1-2: Ball
2-2: Ground out 4-3 (Groundball, 4, EV 98.8 MPH)
Bottom of the 7th over - 0 runs, 2 hits, 0 errors, 2 left on base; San Francisco 7 - Colorado 1
TOP OF THE 8TH
San Francisco Giants batting - Pitching for Colorado Rockies : RHP Mike Wood
Pitching: RHP Xavier Clayton
Now in LF: Glenn Sewell
Now in CF: Ken Calhoun
Batting: RHB Kevin Mosemann 0-0: Called Strike
0-1: Swinging Strike
0-2: Ball
1-2: Strikes out swinging
Batting: RHB Erik Mulloy 0-0: Ball
1-0: Foul Ball, location: 25F
1-1: DOUBLE (Line Drive, 89D, EV 100.0 MPH)
Pinch Hitting: RHB Luis Juarez 0-0: Called Strike
0-1: Called Strike
0-2: Ball
1-2: Strikes out swinging
Batting: RHB Dusty Sorenson 0-0: Swinging Strike
0-1: Foul Ball, location: 5FF
0-2: Foul Ball, location: 9LSF
0-2: Strikes out swinging
Top of the 8th over - 0 runs, 1 hit, 0 errors, 1 left on base; San Francisco 7 - Colorado 1
BOTTOM OF THE 8TH
Colorado Rockies batting - Pitching for San Francisco Giants : RHP Franklin Diaz
Now in LF: Luis Juarez
Batting: RHB John Stevens 0-0: Called Strike
0-1: Called Strike
0-2: Foul Ball, location: 5F
0-2: Ball
1-2: Ball
2-2: Fly out, F8 (Flyball, 8LD, EV 104.4 MPH)
Batting: RHB Tony Breitling 0-0: Ball
1-0: Ball
2-0: SINGLE (Line Drive, 56D, EV 64.4 MPH)
Pitching: RHP Chris Shaver
Batting: RHB Mike Woodard 0-0: Called Strike
0-1: Ball
1-1: Foul Ball, location: 25F
1-2: Strikes out looking
Batting: RHB Brenden Oxton 0-0: Swinging Strike
0-1: Foul Ball, location: 2F
0-2: Foul Ball, location: 23F
0-2: Ball
1-2: Foul Ball, location: 9LSF
1-2: Ball
2-2: Fielders Choice at 2nd, 4-6 (Groundball, 4MD, EV 83.8 MPH)
Bottom of the 8th over - 0 runs, 1 hit, 0 errors, 1 left on base; San Francisco 7 - Colorado 1
TOP OF THE 9TH
San Francisco Giants batting - Pitching for Colorado Rockies : RHP Xavier Clayton
Pitching: LHP Zander Gonzalez
Batting: RHB David Bishop 0-0: Ball
1-0: Foul Ball, location: 5FF
1-1: Foul Ball, location: 9LDF
1-2: Foul Ball, location: 2F
1-2: Foul Ball, location: 23F
1-2: DOUBLE (Line Drive, 9LM, EV 109.4 MPH)
Batting: RHB Jonathan Rosario 0-0: Called Strike
0-1: Ball
1-1: Called Strike
1-2: DOUBLE (Line Drive, 3D, EV 105.6 MPH)
David Bishop scores
Batting: LHB Bryce Bissinger 0-0: Fly out, F8 (Flyball, 8LD, EV 86.9 MPH)
Batting: RHB Masataka Kato 0-0: DOUBLE (Line Drive, 89M, EV 96.3 MPH)
Jonathan Rosario scores
Batting: RHB Elvin Reiss 0-0: DOUBLE (Line Drive, 7LS, EV 101.3 MPH)
Masataka Kato scores
Batting: RHB Kevin Mosemann 0-0: Called Strike
0-1: Fly out, F8 (Flyball, 8LM, EV 84.4 MPH)
Batting: RHB Erik Mulloy 0-0: Foul Ball, location: 5F
0-1: Ball
1-1: Hit by Pitch
Batting: RHB Luis Juarez 0-0: Called Strike
0-1: Ball
1-1: Swinging Strike
1-2: Foul Ball, location: 3SF
1-2: Ball
2-2: Foul Ball, location: 2F
2-2: Foul Ball, location: 5F
2-2: Ground out 5-3 (Groundball, 56S, EV 79.4 MPH)
Top of the 9th over - 3 runs, 4 hits, 0 errors, 2 left on base; San Francisco 10 - Colorado 1
BOTTOM OF THE 9TH
Colorado Rockies batting - Pitching for San Francisco Giants : RHP Chris Shaver
Batting: LHB Glenn Sewell 0-0: Foul Ball, location: 2F
0-1: Swinging Strike
0-2: Ball
1-2: Foul Ball, location: 3DF
1-2: Foul Ball, location: 7LMF
1-2: Strikes out looking
Batting: LHB Mike Keatts 0-0: Called Strike
0-1: Fly out, F3 (Popup, 34, EV 67.5 MPH)
Pinch Hitting: RHB Mark Bevan 0-0: Ball
1-0: Foul Ball, location: 9LSF
1-1: Swinging Strike
1-2: Ball
2-2: Foul Ball, location: 2LF
2-2: Ball
3-2: Strikes out swinging
Bottom of the 9th over - 0 runs, 0 hits, 0 errors, 0 left on base; San Francisco 10 - Colorado 1
Thursday, May 2nd , 2024 - OOTP Baseball 24.11 Build 85